 Dungeon Crawl Stone Soup version 0.26-a0-846-gcc8f1ee719 (webtiles) character file.

Game seed: 11060422268582997282

120 snetch the Skirmisher (level 4, -2/63 HPs)
             Began as a Minotaur Berserker on Nov 19, 2020.
             Was a Believer of Trog.
             Slain by an orc (3 damage)
             ... on level 4 of the Dungeon.
             The game lasted 00:06:00 (1641 turns).

snetch the Skirmisher (Minotaur Berserker)          Turns: 1641, Time: 00:06:00

Health: -2/63      AC:  3    Str: 22    XL:     4   Next: 75%
Magic:  12/12      EV: 12    Int:  4    God:    Trog [**....]
Gold:   85         SH:  0    Dex: 10    Spells: 3/3 levels left

rFire    . . .     SeeInvis .   a - +0 hand axe
rCold    . . .     Faith    +   (no shield)
rNeg     . . .     Spirit   .   t - +0 leather armour
rPois    +         Reflect  .   (helmet restricted)
rElec    .         Harm     .   l - scarf {+Inv}
rCorr    .         Rampage  .   (no gloves)
MR       .....                  (no boots)
Stlth    ..........             m - amulet of faith
HPRegen  0.20/turn              j - ring of magical power
MPRegen  0.13/turn              p - ring of poison resistance

@: berserking (expiring), very quick
A: retaliatory headbutt, horns 2
a: Berserk, Trog's Hand, Renounce Religion, Evoke Invisibility


You were on level 4 of the Dungeon.
You worshipped Trog.
Trog was pleased with you.
You visited 1 branch of the dungeon, and saw 4 of its levels.

You collected 85 gold pieces.

Inventory:

Hand Weapons
 a - a +0 hand axe (weapon)
Missiles
 f - 18 bolts
 g - 22 stones
 u - a poisoned dart (quivered)
Armour
 l - a scarf of invisibility (worn)
 t - a +0 leather armour (worn)
Jewellery
 j - a ring of magical power (left hand)
 m - an amulet of faith (around neck)
 p - a ring of poison resistance (right hand)
Scrolls
 e - 2 scrolls of fog {unknown}
 h - 2 scrolls of immolation {unknown}
 i - a scroll of remove curse {unknown}
 n - a scroll of enchant armour {unknown}
 o - 2 scrolls of fear {unknown}
 q - a scroll of blinking {unknown}
 r - a scroll of identify {unknown}
 v - a scroll of teleportation {unknown}
Potions
 b - a potion of might {unknown}
 c - 2 potions of cancellation {unknown}
 d - a potion of heal wounds {unknown}
 k - a potion of flight {unknown}
 s - a potion of brilliance {unknown}
 w - a potion of attraction {unknown}


   Skills:
 + Level 5.0 Fighting
 + Level 4.9 Axes
 + Level 3.1 Armour
 + Level 2.8 Dodging
 + Level 0.2 Stealth


You had 3 spell levels left.
You didn't know any spells.
Your spell library was empty.

Dungeon Overview and Level Annotations

Branches:
Dungeon (4/15)
 Temple: D:4-7

Altars:

Annotations:
D:1 suspicious crystal


Innate Abilities, Weirdness & Mutations

You reflexively headbutt those who attack you in melee.
You have a pair of horns on your head.


Message History

Your Fighting skill increases to level 5!
You barely miss the orc priest.
The orc priest is severely wounded.
The orc wizard casts a spell.
The orc wizard flickers and vanishes!
Deactivating autopickup; reactivate with Ctrl-A.
Something hits you but does no damage.
Unknown command.
You closely miss something. Your headbutt misses something.
You hit the orc priest but do no damage.
You completely miss the orc. The orc closely misses you.
The orc priest barely misses you. You furiously retaliate!
You headbutt the orc priest. Something hits you but does no damage.
You miss something. You headbutt something. You hit the orc priest.
You kill the orc priest!
Trog accepts your kill.
You barely miss the orc. Something hits you.
* * * LOW HITPOINT WARNING * * *
The orc hits you.
You die...

.#..# ...# ...#
..### . .... ..
#..# #. ##{o# ..
###.##.@.###.##
......)........
######)....#.#.
#..#######.#......
...........#....#.
>####....#..#...
#.#### .#### #.#
.# # #.##


You could see an orc.

Vanquished Creatures
  2 orc priests (D:4)
  A bullfrog skeleton (D:4)
  A worker ant (D:4)
  2 oozes
  A worm (D:2)
  2 dart slugs (D:1)
  4 giant cockroaches
  4 goblins (D:1)
  A hobgoblin (D:2)
  A ball python (D:2)
  4 bats
  A frilled lizard (D:4)
  3 kobolds
  3 rats
30 creatures vanquished.

Notes
Turn   | Place    | Note
-------+----------+-------------------------------------------
     0 | D:1      | snetch the Minotaur Berserker began the quest for the Orb.
     0 | D:1      | Reached XP level 1. HP: 19/19 MP: 0/0
    66 | D:1      | You fall into a shaft and drop 1 floor!
   357 | D:1      | Reached XP level 2. HP: 18/27 MP: 1/1
   567 | D:1      | Reached skill level 4 in Fighting
  1445 | D:2      | Reached XP level 3. HP: 29/33 MP: 2/2
  1555 | D:4      | Reached ** piety under Trog
  1604 | D:4      | Reached XP level 4. HP: 34/41 MP: 3/3
  1638 | D:4      | Reached skill level 5 in Fighting
  1641 | D:4      | HP: 1/63 [something (5)]
  1641 | D:4      | Slain by an orc

Illustrated notes

Levels and vault maps discovered:
D:1:      dpeg_arrival_central, layout_basic, kennysheep_nondescript
D:2:      layout_loops_ring
D:3:      layout_basic, nicolae_overflow_crystal_walls,
          chequers_ecumenical_altar_grove, skrybe_limestone_x,
          kennysheep_slug_shrine
D:4:      layout_loops_ring, serial_glass, glass_columns_a, glass_columns_a,
          portal_sewer_entry_e, kennysheep_small_spiral, fountainhead

Skill      XL: |  1  2  3  4 |
---------------+-------------+-----
Fighting       | 4 5 |  5.0
Axes           | 4 |  4.9
Armour         | 3 |  3.1
Dodging        | |  2.8
Stealth        | |  0.2

Action                   |  1- 3 |  4- 6 || total
-------------------------+-------+-------++-------
Melee: Hand axe          |    72 |     5 ||    77
       Headbutt          |     9 |     2 ||    11
Invok: Berserk           |       |     1 ||     1
Armor: Animal skin       |     7 |       ||     7
       Leather armour    |     5 |     2 ||     7
Dodge: Dodged            |    46 |     3 ||    49

Table legend: (Time is in decaauts)
 A = Elapsed time spent in this place.
 B = Non-inter-level travel time spent in this place.
 C = Inter-level travel time spent in this place.
 D = Time resting spent in this place.
 E = Time spent auto-exploring this place.
 F = Levels seen in this place.
 G = Mean time per level.
                   A        B        C        D        E       F      G
               +--------+--------+--------+--------+--------+-----+--------+
         Total |   1652 |   1619 |     33 |      6 |   1197 |   4 |  413.0 |
       Dungeon |   1652 |   1619 |     33 |      6 |   1197 |   4 |  413.0 |
               +--------+--------+--------+--------+--------+-----+--------+

Top non-repeatable levels by time:
     D:1: 1278 daAuts
     D:2: 244 daAuts
     D:4: 94 daAuts
     D:3: 34 daAuts
